 Dungeon Crawl Stone Soup version 0.26.1-10-gdfb7c7de75 (webtiles) character file.

Game seed: 5406561134214893151

78 Descartes the Sneak (level 4, 0/35 HPs)
             Began as a Formicid Abyssal Knight on Apr 3, 2021.
             Was a Follower of Lugonu.
             Succumbed to an adder's poison
             ... on level 6 of the Dungeon.
             The game lasted 00:04:05 (3457 turns).

Descartes the Sneak (Formicid Abyssal Knight)       Turns: 3457, Time: 00:04:06

Health: 0/35       AC:  3    Str: 16    XL:     4   Next: 61%
Magic:  5/5        EV: 11    Int: 12    God:    Lugonu [*.....]
Gold:   77         SH:  5    Dex: 11    Spells: 3/3 levels left

rFire    . . .     SeeInvis +   a - +1 falchion
rCold    . . .     Faith    .   (no shield)
rNeg     . . .     Spirit   .   b - +0 leather armour
rPois    .         Reflect  +   (helmet unavailable)
rElec    .         Harm     .   (no cloak)
rCorr    .         Rampage  .   (no gloves)
Will     .....                  (no boots)
Stlth    ++........             h - amulet of reflection
HPRegen  0.11/turn              m - ring of teleportation (curse)
MPRegen  0.09/turn              (no ring)

@: lethally poisoned (0 -> -6)
A: permanent stasis, dig shafts and tunnels, four strong arms, antennae 3
a: Dig, Shaft Self, Renounce Religion, Depart the Abyss


You were on level 6 of the Dungeon.
You worshipped Lugonu.
Lugonu was aware of your devotion.
You visited 1 branch of the dungeon, and saw 4 of its levels.
You visited the Abyss 1 time.

You collected 77 gold pieces.

Inventory:

Hand Weapons
 a - a +1 falchion (weapon)
Missiles
 d - 39 bolts
 k - 5 boomerangs
 l - 32 sling bullets
 n - 126 stones
Armour
 b - a +0 leather armour (worn)
Jewellery
 h - an amulet of reflection (around neck)
 m - a cursed ring of teleportation (left hand)
 s - an uncursed ring of stealth
Scrolls
 j - a scroll of magic mapping {unknown}
 p - a scroll of enchant armour {unknown}
 r - 2 scrolls of identify {unknown}
 t - a scroll of blinking {unknown}
 u - a scroll of fog {unknown}
 v - a scroll of fear {unknown}
 w - a scroll of immolation {unknown}
Potions
 c - a potion of heal wounds {unknown}
 e - a potion of curing {unknown}
 f - 2 potions of attraction {unknown}
 g - 3 potions of cancellation {unknown}
 i - 2 potions of resistance {unknown}
 o - a potion of experience {unknown}
 q - a potion of might {unknown}


   Skills:
 - Level 3.2 Fighting
 - Level 2.0 Long Blades
 - Level 2.1 Armour
 - Level 0.8 Dodging
 + Level 5.1 Stealth
 - Level 2.1 Invocations


You had 3 spell levels left.
You didn't know any spells.
Your spell library was empty.

Dungeon Overview and Level Annotations

Branches:
Dungeon (3/15)

Altars:
Fedhas
Qazlal
Ru
Uskayaw


Innate Abilities, Weirdness & Mutations

You cannot be hasted, slowed, berserked, paralysed or teleported.
You can dig through walls and to a lower floor.
Your four strong arms can wield two-handed weapons with a shield.
You have a pair of large antennae on your head. (SInv)


Message History

The orc priest hits you with a +0 dagger.
* * * LOW HITPOINT WARNING * * *
The orc completely misses you. The adder bites you.
* * * LOW HITPOINT WARNING * * *
You don't know any spells.
Unknown command.
Are you sure you want to shaft yourself?
* * * LOW HITPOINT WARNING * * *
You feel sick. The orc priest barely misses you. The orc misses you.
The adder bites you.
* * * LOW HITPOINT WARNING * * *
You begin to dig a shaft.
You continue digging a shaft.
The orc closely misses you. The adder bites you.
* * * LOW HITPOINT WARNING * * *
You block the orc priest's attack. The orc hits you with a +0 dagger.
* * * LOW HITPOINT WARNING * * *
A shaft appears beneath you!
You fall into a shaft and drop 3 floors!
The shaft crumbles and collapses.
You die...

###### #....# #
#....#
....#....######
#(...@...$...
#...###########
.


There were no monsters in sight!

Vanquished Creatures
  2 adders (D:2)
  An ooze (D:3)
  3 worms (D:2)
  A leopard gecko (D:2)
  An orc (D:3)
  2 ball pythons (D:1)
  2 bats (D:2)
  A giant cockroach (D:1)
  4 goblins
  5 hobgoblins
  5 jackals
  A quokka (D:2)
  2 frilled lizards
  8 kobolds
  4 rats
42 creatures vanquished.

Notes
Turn   | Place    | Note
-------+----------+-------------------------------------------
     0 | Abyss:1  | Descartes the Formicid Abyssal Knight began the quest for
                  | the Orb.
     0 | Abyss:1  | Reached XP level 1. HP: 18/18 MP: 2/2
    51 | Abyss:1  | Noticed a quasit
    53 | Abyss:1  | Noticed a large abomination
    59 | D:1      | Escaped the Abyss
   165 | D:1      | Reached skill level 1 in Stealth
   380 | D:1      | Reached skill level 2 in Stealth
   380 | D:1      | Reached XP level 2. HP: 21/24 MP: 3/3
   745 | D:1      | Reached * piety under Lugonu
  1517 | D:2      | Reached skill level 3 in Stealth
  1641 | D:2      | Reached XP level 3. HP: 9/29 MP: 4/4
  1733 | D:2      | Reached skill level 4 in Stealth
  2475 | D:2      | Reached XP level 4. HP: 23/35 MP: 5/5
  3275 | D:3      | Found a sacrificial altar of Ru.
  3302 | D:3      | Found a blossoming altar of Fedhas.
  3307 | D:3      | Reached skill level 5 in Stealth
  3361 | D:3      | Found a stormy altar of Qazlal.
  3444 | D:3      | Found a hide-covered altar of Uskayaw.
  3456 | D:3      | HP: 1/35 [orc/+0 dagger (2)]
  3457 | D:3      | You fall into a shaft and drop 3 floors!
  3457 | D:6      | Succumbed to an adder's poison

Illustrated notes

Levels and vault maps discovered:
D:1:      evilmike_arrival_hilbert_curve, layout_basic,
          minmay_shallow_snake_nest
D:2:      layout_basic
D:3:      layout_basic, grunt_qazlal_clouds, nicolae_ru_sacrificial_ziggurat,
          overflow_temple_1_default, eat_drink_and_be_merry_uskayaw,
          minivault_27
D:6:      layout_rooms, basic_altar, uniq_sigmund, uniq_grinder,
          uniq_crazy_yiuf_cottage

Skill      XL: |  1  2  3  4 |
---------------+-------------+-----
Stealth        | 2 3 4 5 |  5.1
Fighting       | |  3.2
Long Blades    | |  2.0
Armour         | |  2.1
Dodging        | |  0.8
Invocations    | |  2.1

Action                   |  1- 3 |  4- 6 || total
-------------------------+-------+-------++-------
Melee: Falchion          |   103 |    45 ||   148
Invok: Depart the Abyss  |     1 |       ||     1
 Abil: Shaft Self        |       |     1 ||     1
 Stab: Sleeping          |     1 |     3 ||     4
Armor: Leather armour    |    31 |     8 ||    39
Dodge: Dodged            |    82 |    40 ||   122
Block: Other             |    21 |    12 ||    33
       Rpst.: Falchion   |    28 |    11 ||    39
